 Dungeon Crawl Stone Soup version 0.30-a0-509-gd016549fea (webtiles) character file.

Game seed: 16776033283412267495

137 M4edhros the Charlatan (level 5, -3/34 HPs)
             Began as an Octopode Artificer on Dec 22, 2022.
             Was a Plaything of Xom.
             Slain by an ufetubus (5 damage)
             ... summoned by Xom
             ... on level 3 of the Dungeon.
             The game lasted 00:04:08 (2808 turns).

M4edhros the Charlatan (Octopode Artificer)         Turns: 2808, Time: 00:04:09

Health: -3/34      AC:  1    Str: 12    XL:     5   Next: 20%
Magic:  0/5        EV: 14    Int: 13    God:    Xom [......]
Gold:   182        SH:  0    Dex: 14    Spells: 4/4 levels left

rFire   . . .      SeeInvis +      - Unarmed
rCold   . . .      Faith    .    (no shield)
rNeg    . . .      Spirit   .    (helmet restricted)
rPois   .          Reflect  .    (no amulet)
rElec   .          Harm     .    e - ring of wizardry
rCorr   .          Rampage  .    k - ring of see invisible
Will    .....                    h - ring of see invisible
Stlth   +++.......               (no ring)
HPRegen 0.25/turn                (no ring)
MPRegen 0.09/turn                (no ring)
                                 (no ring)
                                 (no ring)

@: attractive, flying, hasted, very quick
A: almost no armour, amphibious, 8 rings, camouflage 1, gelatinous body 1,
(nimble swimmer 1), tentacles
a: Renounce Religion


You were on level 3 of the Dungeon.
You worshipped Xom.
You were a very special plaything of Xom.
You visited 2 branches of the dungeon, and saw 6 of its levels.

You collected 182 gold pieces.

Inventory:

Missiles
 j - 4 boomerangs
 w - 2 poisoned darts
Armour
 x - a +0 kite shield
Jewellery
 e - a ring of wizardry (left tentacle)
 h - a ring of see invisible (on tentacle)
 k - a ring of see invisible (right tentacle)
 s - a +6 ring of intelligence
Wands
 b - a wand of flame (15) (quivered)
 c - a wand of charming (15)
 d - a wand of iceblast (5)
 r - a wand of polymorph (4)
Scrolls
 a - a scroll of immolation {unknown}
 f - 6 scrolls of identify {unknown}
 i - 4 scrolls of teleportation {unknown}
 m - a scroll of magic mapping {unknown}
 n - a scroll of noise {unknown}
 q - 2 scrolls of blinking {unknown}
 t - a scroll of brand weapon {unknown}
 v - 2 scrolls of vulnerability {unknown}
Potions
 l - 3 potions of flight
 p - a potion of might {unknown}
 u - a potion of brilliance {unknown}


   Skills:
 + Level 2.0 Fighting
 * Level 3.4 Dodging
 + Level 2.5 Stealth
 * Level 2.5 Unarmed Combat
 + Level 3.7 Evocations


You had 4 spell levels left.
You didn't know any spells.
Your spell library contained the following spells:

 Spells                   Type           Power      Damage    Failure   Level
 Foxfire                  Conj/Fire      0%         2x1d4     12%         1
 Sting                    Tmut/Pois      0%         1d3       12%         1
 Blink                    Tloc           0%         N/A       19%         2
 Momentum Strike          Conj/Tloc      0%         3d8       19%         2
 Poisonous Vapours        Pois/Air       0%         N/A       19%         2
 Lesser Beckoning         Tloc           0%         N/A       34%         3
 Vhi's Electric Charge    Tloc/Air       0%         N/A       34%         3
 Olgreb's Toxic Radiance  Pois           0%         N/A       73%         4
 Arcjolt                  Conj/Air       0%         1d10      96%         5
 Fireball                 Conj/Fire      0%         3d3       96%         5
 Starburst                Conj/Fire      0%         6d3       100%        6
 Maxwell's Capacitive Co  Air            0%         ∞         100%        8


Dungeon Overview and Level Annotations

Branches:
Dungeon (5/15)             Temple (1/1) D:5

Altars:
Ashenzari
Dithmenos
Fedhas
Hepliaklqana
Kikubaaqudgha
Makhleb
Nemelex Xobeh
Okawaru
Qazlal
Ru
Trog
Vehumet
Wu Jian
Xom
Yredelemnul
Zin
The Shining One

Shops:
D:1 !

Annotations:
D:4 1 runed translucent door, exclusion: scorpion, Heedrag's ghost, amateur DsCj


Innate Abilities, Weirdness & Mutations

You cannot wear most types of armour.
You are amphibious.
You can wear up to eight rings at the same time.
Your skin changes colour to match your surroundings (Stealth+).
Your rubbery body absorbs attacks. (AC +1, EV +1)
((You are camouflaged when in or above water. (Stealth+)))
You have tentacles for arms and can constrict up to eight enemies at once.


Message History

The ufetubus hits you. x2; The orc barely misses you.
The ufetubus closely misses you. x2
You miss the chaos spawn. Your squeeze misses the chaos spawn.
The ufetubus closely misses you. The ufetubus barely misses you.
The chaos spawn closely misses you. The ufetubus closely misses you.
The ufetubus barely misses you. The orc closely misses you.
You tentacle-slap the chaos spawn. Your squeeze misses the chaos spawn.
The chaos spawn is lightly wounded.
The ufetubus misses you. The ufetubus barely misses you.
The ufetubus hits you but does no damage.
The ufetubus hits you. The chaos spawn misses you.
The ufetubus closely misses you. The ufetubus barely misses you.
The orc misses you. The ufetubus closely misses you. x2
Okay, then.
It was a potion of flight.
You feel very buoyant.
You fly up into the air.
Xom roars with laughter!
The ufetubus barely misses you. The ufetubus misses you.
The chaos spawn gores you.
You feel your power leaking away. The ufetubus hits you.
The ufetubus completely misses you. The orc hits you with a +0 flail.
* * * LOW HITPOINT WARNING * * *
It was a potion of haste.
You feel yourself speed up.
Xom roars with laughter!
The ufetubus misses you. The ufetubus hits you.
* * * LOW HITPOINT WARNING * * *
The ufetubus barely misses you. The ufetubus hits you.
* * * LOW HITPOINT WARNING * * *
The chaos spawn barely misses you. The ufetubus closely misses you.
The ufetubus barely misses you. The orc closely misses you.
The ufetubus misses you. The ufetubus closely misses you.
Unknown command.
Unknown command.
It was a potion of attraction.
You feel attractive to monsters.
Xom roars with laughter!
The chaos spawn barely misses you. The ufetubus hits you.
You die...

...#######....####..###########..
..## #.)..#).#..#..'[..'..#.# ..#
#...P#(.'..#..#)..#..#.# #.#
######....####..####...####.. #.#
#..................#'###....#
#.###.####.#.......).⌠..........#
#.##...###.#.#####'#............#
.....#...#.#.#.o#5.##'##..##'#...
#.##...#.#.#.#.4@5.#)..#.P#..#...
#.###.##.#.#.#######...#..#.)#P..
.........#....P..P.#####..####...
#.###.####.#....................#
#.# #.# #.#..##.#####...#....<..
..###.# #.......................
...##<####.#####.#########.######
.................# #.#
.................# #.#


You could see a chaos spawn (summoned), an orc and 2 ufetubi.

Vanquished Creatures
  6 adders
  A worm (D:2)
  2 dart slugs
  5 orcs
  6 ball pythons
  6 endoplasms
  3 giant cockroaches
  6 goblins
  8 hobgoblins
  4 jackals
  8 kobolds
  3 quokkas
  5 bats
  3 frilled lizards
  3 rats
69 creatures vanquished.

Vanquished Creatures (others)
  3 plants (D:3)
3 creatures vanquished.

Grand Total: 72 creatures vanquished

Notes
Turn   | Place    | Note
-------+----------+-------------------------------------------
     0 | D:1      | M4edhros the Octopode Artificer began the quest for the
                  | Orb.
     0 | D:1      | Reached XP level 1. HP: 13/13 MP: 1/1
   102 | D:1      | Found Wyczyrgh's Distillery.
   135 | D:1      | Reached XP level 2. HP: 18/18 MP: 2/2
   235 | D:1      | Reached skill level 1 in Unarmed Combat
   376 | D:1      | Reached XP level 3. HP: 15/23 MP: 3/3
   550 | D:2      | Found a faded altar of an unknown god.
   781 | D:3      | Reached XP level 4. HP: 28/28 MP: 4/4
   827 | D:4      | Found a runed translucent door.
   827 | D:4      | Noticed Heedrag's ghost (amateur DsCj)
   956 | D:4      | Noticed a scorpion
  1043 | D:4      | Found a stormy altar of Qazlal.
  1181 | D:5      | Entered Level 5 of the Dungeon
  1212 | D:5      | Found a staircase to the Ecumenical Temple.
  1231 | Temple   | Entered the Ecumenical Temple
  1349 | Temple   | Became a worshipper of Xom of Chaos
  1377 | D:5      | XOM: divination: detect creatures
  1674 | D:2      | XOM is BORED!
  1674 | D:2      | XOM: silly message
  1765 | D:2      | XOM: potion effect (curing)
  1874 | D:2      | XOM: torment (16/29 hp)
  2361 | D:3      | Reached XP level 5. HP: 31/34 MP: 5/5
  2715 | D:3      | XOM is BORED!
  2715 | D:3      | XOM: torment (18/34 hp)
  2802 | D:3      | XOM: summons 3 hostile demons
  2803 | D:3      | Noticed a chaos spawn
  2808 | D:3      | Slain by an ufetubus

Illustrated notes

Levels and vault maps discovered:
D:1:      dpeg_arrival_shrine, layout_basic, serial_shops,
          nicolae_shop_hallway_plus, nicolae_shop_statue_plus,
          nicolae_shop_statue_plus
D:2:      layout_loops_ring, shapermc_ecumenical_altar_starsandcircs
D:3:      corexii_shack_village, layout_loops_ring, chequers_decorated_corner,
          minmay_misc_feat_five
D:4:      layout_loops_ring, kennysheep_slug_shrine,
          nicolae_overflow_hidden_temple, gammafunk_ghost_grave,
          minmay_misc_feat_roman
D:5:      layout_rooms, minmay_temple_entry_nine_rooms
Temple:   nicolae_temple_elliptical

Skill      XL: |  1  2  3  4  5 |
---------------+----------------+-----
Unarmed Combat | 1 2 |  2.5
Stealth        | 2 |  2.5
Dodging        | 3 |  3.4
Fighting       | 2 |  2.0
Evocations     | |  3.7

Action                   |  1- 3 |  4- 6 || total
-------------------------+-------+-------++-------
Melee: Unarmed           |    89 |    80 ||   169
       Constrict         |    24 |    21 ||    45
       Tentacles         |    20 |    17 ||    37
       Punch             |       |     2 ||     2
  Use: Potion            |       |     3 ||     3
 Stab: Sleeping          |     7 |    17 ||    24
Armor: Skin              |    13 |     6 ||    19
Dodge: Dodged            |    50 |    67 ||   117

Table legend: (Time is in decaauts)
 A = Elapsed time spent in this place.
 B = Non-inter-level travel time spent in this place.
 C = Inter-level travel time spent in this place.
 D = Time resting spent in this place.
 E = Time spent auto-exploring this place.
 F = Levels seen in this place.
 G = Mean time per level.
                   A        B        C        D        E       F      G
               +--------+--------+--------+--------+--------+-----+--------+
         Total |   2802 |   2636 |    166 |      0 |   1823 |   6 |  467.0 |
       Dungeon |   2671 |   2518 |    153 |      0 |   1823 |   5 |  534.2 |
        Temple |    131 |    118 |     13 |      0 |      0 |   1 |  131.0 |
               +--------+--------+--------+--------+--------+-----+--------+

Top non-repeatable levels by time:
     D:2: 926 daAuts
     D:3: 731 daAuts
     D:1: 474 daAuts
     D:4: 425 daAuts
  Temple: 131 daAuts
     D:5: 113 daAuts
